 Dungeon Crawl Stone Soup version 0.17-a0-1887-g3e50df6 (webtiles) character file.

604 ahoge the Shield-Bearer (level 7, -6/44 HPs)
             Began as a Gargoyle Fighter on Sept 23, 2015.
             Killed by divine providence
             ... invoked by an orc priest
              (15 damage)
             ... on level 4 of the Dungeon.
             The game lasted 00:14:15 (3239 turns).

ahoge the Shield-Bearer (Gargoyle Fighter)          Turns: 3239, Time: 00:14:17

Health: -6/44      AC: 10    Str: 20    XL:     7   Next: 42%
Magic:  7/7        EV: 10    Int:  8    God:
Gold:   269        SH: 10    Dex: 11    Spells: 0 memorised, 6 levels left

rFire  x . .     SeeInvis .     a - +0 flail
rCold  + . .     Clarity  .     u - +0 ring mail
rNeg   + . .     SustAt   .     c - +0 shield
rPois  ∞         Gourm    .     (no helmet)
rElec  +         Spirit   .     (no cloak)
rCorr  .         Warding  .     (no gloves)
rMut   .         Stasis   .     (no boots)
MR     .....                    (no amulet)
Stlth  +.........               (no ring)
                                w - ring of ice

@: not resistant to hostile enchantments, very unstealthy
A: negative energy resistance 1, electricity resistance, unbreathing,
petrification resistance, rot immunity, AC +4
a: no special abilities


You were on level 4 of the Dungeon.
You were not hungry.

You visited 1 branch of the dungeon, and saw 4 of its levels.
You also visited: Sewer.

You collected 269 gold pieces.

Inventory:

Hand weapons
 a - a +0 flail (weapon)
Armour
 b - a +0 scale mail
 c - a +0 shield (worn)
 k - a +0 chain mail
 u - a +0 ring mail (worn)
Jewellery
 w - a ring of ice (left hand)
Magical devices
 s - a wand of digging (5)
Scrolls
 f - 3 scrolls of identify {unknown}
 l - 4 scrolls of teleportation
 p - a scroll of immolation {unknown}
Potions
 d - a potion of might
 h - a potion of agility {unknown}
 i - 2 potions of degeneration {unknown}
 m - 2 potions of lignification {unknown}
 q - a potion of curing {unknown}
 r - a potion of magic {unknown}
 t - 4 potions of flight
 v - a potion of brilliance {unknown}
Comestibles
 e - 2 bread rations
 g - a royal jelly
 j - 4 chunks of flesh
 n - 2 meat rations
 o - 2 beef jerkies


   Skills:
 + Level 4.3 Fighting
 + Level 3.4 Maces & Flails
 + Level 4.7 Armour
 + Level 2.5 Dodging
 + Level 0.2 Stealth
 + Level 6.1 Shields


You had 6 spell levels left.
You didn't know any spells.

Dungeon Overview and Level Annotations

Branches:
Dungeon (4/15)
 Temple: D:4-7

Altars:


Innate Abilities, Weirdness & Mutations

You are resistant to torment.
Your stone body is resilient (AC +4).
You are immune to poison.
You resist negative energy.
You are resistant to electric shocks.
You can survive without breathing.
You are immune to petrification.
You are immune to rotting.


Message History

You hit the orc priest but do no damage.
The orc priest is severely wounded.
The orc priest mumbles some strange prayers to Beogh against you.
Something smites you!
The orc priest hits you but does no damage.
You sock the orc priest!
The orc priest is almost dead.
The orc priest hits you but does no damage.
An orc priest comes into view. It is wielding a dagger of venom.
You hit the orc priest but do no damage.
The orc priest is almost dead.
The orc priest hits you with a flail.
You thump the orc priest!
You kill the orc priest!
The orc priest mumbles some strange prayers to Beogh against you.
Something smites you!
* * * LOW HITPOINT WARNING * * *
The orc priest invokes the aid of Beogh against you.
Something smites you!
You die...

#.###.####..#..P.# ##..#
#.##..#.....#..P..## #.##
#.##.##.###.#..♣P♣.
#.##.##.# .# ♣♣♣. #.##.##.##
.# ♣.. #.##.#...##.# .o.
#...........# #o#
####......## #)# #
#......######@####♣♣♣ ##.
####................♣♣.♣♣♣..
.......<..####...##♣♣..♣♣.♣
#####)....# #..(##♣♣PP.PP♣
####.## #.....♣♣PP...♣ #.#
#>###.♣♣..♣P♣♣
#.#♣#♣#♣#♣...♣P..P♣
#......)...#..♣P.♣#
###♣#♣#♣#♣###....#


You could see 2 orc priests.

Vanquished Creatures
  The ghost of Nico3ck the Cudgeler, an average MiWz (D:3)
  A phantom (D:4)
  A water moccasin skeleton (D:3)
  An orc priest (D:4)
  Ijyb (D:3)
  A siren (Sewer)
  A worker ant (D:4)
  A merfolk avatar (Sewer)
  2 gnolls (D:1)
  6 adders
  2 river rats (Sewer)
  2 oozes
  A worm (D:2)
  7 orcs
  6 goblins
  4 hobgoblins
  8 jackals
  9 kobolds
  4 ball pythons
  8 bats
  9 giant cockroaches
  6 giant geckos
  6 giant newts
  A quokka (D:3)
  A quokka skeleton (D:4)
  25 rats
115 creatures vanquished.

Notes
Turn   | Place    | Note
--------------------------------------------------------------
     0 | D:1      | ahoge the Gargoyle Fighter began the quest for the Orb.
     0 | D:1      | Reached XP level 1. HP: 14/14 MP: 1/1
   168 | D:1      | Reached XP level 2. HP: 19/19 MP: 2/2
   329 | D:1      | Reached XP level 3. HP: 21/23 MP: 3/3
   903 | D:1      | Reached skill level 4 in Shields
   985 | D:2      | Reached XP level 4. HP: 27/29 MP: 4/4
  1047 | D:2      | Reached skill level 1 in Dodging
  2037 | D:3      | Reached XP level 5. HP: 33/33 MP: 5/5
  2292 | D:3      | Noticed Ijyb
  2310 | D:3      | Killed Ijyb
  2429 | D:3      | Noticed Nico3ck's ghost (average MiWz)
  2430 | D:3      | Found a glowing drain.
  2441 | D:3      | Killed Nico3ck's ghost
  2441 | D:3      | Reached skill level 5 in Shields
  2441 | D:3      | Reached XP level 6. HP: 32/38 MP: 6/6
  2462 | Sewer    | Entered a sewer
  2777 | Sewer    | Noticed a drowned soul
  2777 | Sewer    | Noticed a drowned soul
  2778 | Sewer    | Noticed a drowned soul
  2780 | Sewer    | Noticed a drowned soul
  2780 | Sewer    | Killed a drowned soul
  2781 | Sewer    | Killed a drowned soul
  2782 | Sewer    | Noticed a drowned soul
  2782 | Sewer    | Noticed a drowned soul
  2782 | Sewer    | Killed a drowned soul
  2783 | Sewer    | Killed a drowned soul
  2784 | Sewer    | Noticed a drowned soul
  2784 | Sewer    | Noticed a drowned soul
  2784 | Sewer    | Noticed a drowned soul
  2785 | Sewer    | Killed a drowned soul
  2786 | Sewer    | Killed a drowned soul
  2787 | Sewer    | Noticed a drowned soul
  2787 | Sewer    | Killed a drowned soul
  2789 | Sewer    | Noticed a drowned soul
  2789 | Sewer    | Killed a drowned soul
  2791 | Sewer    | Noticed a drowned soul
  2792 | Sewer    | Noticed a drowned soul
  2792 | Sewer    | Killed a drowned soul
  2795 | Sewer    | Killed a drowned soul
  2796 | Sewer    | Killed a drowned soul
  2798 | Sewer    | Noticed a drowned soul
  2799 | Sewer    | Reached XP level 7. HP: 14/43 MP: 7/7
  3116 | D:4      | Reached skill level 6 in Shields
  3239 | D:4      | Killed from afar by an orc priest

Vault maps used:
D:1:      dpeg_arrival_chase, st_stairs_11
D:2:      first_bread, st_stairs_11
D:3:      gup_sewer_entry_pipe, uniq_iyjb
D:4:      serial_forest, infiniplex_forest_clump_small,
          infiniplex_forest_corner_1, infiniplex_forest_end_2,
          infiniplex_forest_lined_2, infiniplex_forest_lined_ring,
          infiniplex_forest_side_room, infiniplex_forest_clump_curved
Sewer:    sewer_sea

Action                   |  1- 3 |  4- 6 |  7- 9 || total
-------------------------+-------+-------+-------++-------
Melee: Flail             |   107 |   334 |    39 ||   480
  Eat: Chunk             |       |     7 |     2 ||     9
